 Dungeon Crawl Stone Soup version 0.31-a0-175-g9f7f995f2b (webtiles) character file.

Game seed: 638097592573788323

105 qw the Shooter (level 4, -3/28 HPs)
             Began as a Gargoyle Hunter on June 16, 2023.
             Killed from afar by Natasha (6 damage)
             ... with a puff of flame
             ... on level 2 of the Dungeon.
             The game lasted 00:00:39 (1595 turns).

qw the Shooter (Gargoyle Hunter)                    Turns: 1595, Time: 00:00:40

Health: -3/28      AC:  7    Str: 15    XL:     4   Next: 81%
Magic:  4/4        EV: 12    Int:  9    God:
Gold:   154        SH:  0    Dex: 21    Spells: 3/3 levels left

rFire   . . .        Y - +0 shortbow
rCold   . . .        (shield currently unavailable)
rNeg    + . .        c - +0 leather armour
rPois   inf          (no helmet)
rElec   +            e - +0 cloak
rCorr   .            (no gloves)
SInv    .            (no boots)
Will    .....        (no amulet)
Stlth   ++           h - +6 ring of dexterity
HPRegen 0.24/turn    (no ring)
MPRegen 0.09/turn

%: no passive effects
@: about to teleport
A: sickness immunity, AC +3, negative energy resistance 1, electricity
resistance, torment resistance 1, petrification resistance
a: no special abilities


You were on level 2 of the Dungeon.
You visited 1 branch of the dungeon, and saw 2 of its levels.

You collected 154 gold pieces.


Innate Abilities, Weirdness & Mutations

You are immune to sickness and miasma.
Your stone body is resilient. (AC +3)
You are immune to poison.
You resist negative energy. (rN+)
You are resistant to electric shocks. (rElec)
You are resistant to unholy torment.
You are immune to petrification.


   Skills:
 - Level 3.1 Fighting
 + Level 5.6 Ranged Weapons
 - Level 1.5 Dodging
 - Level 1.1 Stealth


You had 3 spell levels left.
You didn't know any spells.
Your spell library was empty.

Inventory:

Hand Weapons
 Y - a +0 shortbow (weapon)
Armour
 c - a +0 leather armour (worn)
 e - a +0 cloak (worn)
Jewellery
 h - a +6 ring of dexterity (left hand)
Scrolls
 a - 2 scrolls of identify
Potions
 b - 2 potions of resistance {unknown}

Dungeon Overview and Level Annotations

Branches:
Dungeon (2/15)

Altars:

Annotations:
D:2 Natasha, Sigmund


Message History

Sigmund shouts!
You shoot an arrow. The arrow hits Sigmund.
Sigmund is lightly wounded.
Natasha casts a spell at you. The magic dart hits you.
You shoot an arrow.
The arrow hits Sigmund but does no damage.
Sigmund is lightly wounded.
You shoot an arrow. The arrow barely misses Sigmund.
Sigmund misses you.
Natasha zaps a wand.
The puff of flame hits you.
You shoot an arrow. The arrow barely misses Sigmund.
Sigmund barely misses you.
Natasha zaps a wand.
The puff of flame misses you.
You shoot an arrow. The arrow hits Sigmund.
Sigmund is lightly wounded.
Natasha zaps a wand.
The puff of flame hits you.
Sigmund hits you from afar with a +1 scythe of venom.
You shoot an arrow. The arrow hits Sigmund!
Sigmund is heavily wounded.
Natasha zaps a wand.
The puff of flame misses you.
You shoot an arrow. The arrow closely misses Sigmund.
Sigmund casts a spell at you. You resist with some effort.
Natasha zaps a wand.
The puff of flame hits you!
You shoot an arrow. The arrow closely misses Sigmund.
Sigmund barely misses you.
You shoot an arrow. The arrow hits Sigmund.
Sigmund is severely wounded.
Sigmund hits you but does no damage.
You shoot an arrow. The arrow hits Natasha.
Natasha is moderately wounded.
Natasha zaps a wand.
The puff of flame misses you. Sigmund barely misses you.
You shoot an arrow. The arrow barely misses Natasha.
Natasha claws you!
1594 ||| READING scroll of teleportation.
As you read the scroll of teleportation, it crumbles to dust.
You feel strangely unstable. Sigmund closely misses you. Natasha misses you.
You shoot an arrow. The arrow hits Natasha.
Natasha is moderately wounded.
Natasha zaps a wand.
The puff of flame hits you.
You die...

#>............[.......
####...###############
#...# ###...##
#......# #......#
#......# #......#
###.@.## #.h.# .@...#
......## ........#
.......$# ........#
........#


You could see Sigmund and Natasha.

Vanquished Creatures
  Terence (D:2)
  Natasha (D:2)
  An adder (D:2)
  3 dart slugs (D:1)
  A ball python (D:1)
  7 endoplasms
  2 giant cockroaches (D:2)
  4 goblins
  4 hobgoblins
  2 quokkas
  4 bats (D:1)
  A frilled lizard (D:1)
  5 kobolds
  4 rats
40 creatures vanquished.

Notes
Turn   | Place    | Note
-------+----------+-------------------------------------------
     0 | D:1      | qw the Gargoyle Hunter began the quest for the Orb.
     0 | D:1      | Reached XP level 1. HP: 12/12 MP: 1/1
     0 | D:1      | 0 ||| qw: Version: 0.2-a-29-g511e9b1
     0 | D:1      | 0 ||| qw: Game counter: 60
     0 | D:1      | 0 ||| qw: Always use a shield: true
     0 | D:1      | 0 ||| qw: God list: Okawaru
     0 | D:1      | 0 ||| qw: Allow faded altars: false
     0 | D:1      | 0 ||| qw: Do Orc after D:15 true
     0 | D:1      | 0 ||| qw: Do second Lair branch before Depths: true
     0 | D:1      | 0 ||| qw: Lair rune preference: random
     0 | D:1      | 0 ||| qw: Plans: Normal, Zot:1-4, Slime:5, God:TSO, Crypt,
                  | Tomb, Abyss, Pan, Hells, Win
     0 | D:1      | 0 ||| PLANNING D:1-11
   222 | D:1      | Reached XP level 2. HP: 17/17 MP: 2/2
   557 | D:1      | Reached XP level 3. HP: 21/21 MP: 3/3
   583 | D:1      | Reached skill level 5 in Ranged Weapons
   775 | D:1      | 775 ||| UPGRADING to +0 cloak.
   780 | D:1      | 780 ||| UPGRADING to +6 ring of dexterity.
   781 | D:1      | 781 ||| READING 3 scrolls labelled MAMMIECAIC.
   782 | D:1      | 782 ||| READING 2 scrolls labelled PIPLESCH DEODES.
   785 | D:1      | 785 ||| READING scroll labelled WUBRIRCH DUNTY.
   786 | D:1      | 786 ||| READING scroll labelled EBEKKEARARR.
   787 | D:1      | 787 ||| DROPPING scroll of butterflies.
   811 | D:2      | Noticed Natasha
   815 | D:2      | 815 ||| STAIRDANCE
   859 | D:2      | 859 ||| STAIRDANCE
   859 | D:2      | HP: 3/21 [Natasha/puff of flame (10)]
   938 | D:2      | 938 ||| STAIRDANCE
  1006 | D:2      | 1006 ||| STAIRDANCE
  1112 | D:2      | 1112 ||| STAIRDANCE
  1137 | D:2      | 1137 ||| STAIRDANCE
  1171 | D:2      | Killed Natasha
  1172 | D:2      | Reached skill level 3 in Fighting
  1177 | D:2      | Reached XP level 4. HP: 28/28 MP: 4/4
  1177 | D:2      | Noticed Terence
  1192 | D:2      | Killed Terence
  1528 | D:2      | Noticed Natasha
  1581 | D:2      | Noticed Sigmund
  1593 | D:2      | HP: 2/28 [Natasha (7)]
  1594 | D:2      | 1594 ||| READING scroll of teleportation.
  1595 | D:2      | Killed from afar by Natasha

Levels and vault maps discovered:
D:1:      dpeg_arrival_simpleton_b, layout_basic, minmay_tetromino_i2
D:2:      layout_basic, fountainhead, nicolae_figureground_pulse, uniq_natasha,
          uniq_sigmund, uniq_terence

Skill      XL: |  1  2  3 |
---------------+----------+-----
Ranged Weapons | 5 |  5.6
Fighting       | 3 |  3.1
Dodging        | |  1.5
Stealth        | |  1.1

Action                     |  1- 3 |  4- 6 || total
---------------------------+-------+-------++-------
   Fire: Shortbow          |    96 |    49 ||   145
    Use: Scroll            |     4 |     1 ||     5
 Armour: Leather armour    |    16 |     1 ||    17
  Dodge: Dodged            |    24 |    17 ||    41

Table legend:
 A = Non-vault XP
 B = Vault XP
 C = Vault XP percentage of total XP
 D = Non-vault monster count
 E = Vault monster count
 F = Vault count percentage of total count
                 A         B        C        D         E       F
            +---------+---------+-------+---------+---------+-------
      Total |      74 |      76 |  50.7 |      36 |       4 |  10.0
            +---------+---------+-------+---------+---------+-------
        D:1 |      41 |       5 |  10.9 |      23 |       2 |   8.0
        D:2 |      33 |      71 |  68.3 |      13 |       2 |  13.3
            +---------+---------+-------+---------+---------+-------
